 Dungeon Crawl Stone Soup version 0.31-a0-83-gbff143cfd1 (webtiles) character file.

Game seed: 14113222035593034327

4452 IdlyInterested the Spear-Bearer (level 10, -4/86 HPs)
             Began as a Demonspawn Wanderer on May 24, 2023.
             Killed from afar by an electric eel (10 damage)
             ... with a bolt of electricity
             ... on level 8 of the Dungeon.
             The game lasted 00:30:39 (7881 turns).

IdlyInterested the Spear-Bearer (DsWn)              Turns: 7881, Time: 00:30:40

Health: -4/86      AC: 11    Str: 22    XL:     10   Next: 15%
Magic:  16/16      EV: 12    Int: 12    God:
Gold:   317        SH:  0    Dex: 15    Spells: 16/17 levels left

rFire   + . .        d - +0 trident
rCold   . . .        (no shield)
rNeg    . . .        J - +0 acid dragon scales
rPois   .            (helmet restricted)
rElec   .            L - +0 cloak
rCorr   +            (no gloves)
SInv    .            (no boots)
Will    .....        i - amulet of the acrobat
Stlth   +            p - +6 ring of strength
HPRegen 0.34/turn    e - ring of protection from fire
MPRegen 0.15/turn

%: random rage (3%), acrobat
@: no status effects
A: horns 2, rugged brown scales 2, ignite blood 1, powered by death 3, hooves 1,
berserk 1, shaggy fur 1
a: no special abilities


You were on level 8 of the Dungeon.
You visited 2 branches of the dungeon, and saw 9 of its levels.

You collected 437 gold pieces.
You spent 120 gold pieces at shops.

Inventory:

Hand Weapons
 a - a +3 spear
 d - a +0 trident (weapon)
 o - the +2 flail of Bif Syf {drain, Fragile rElec Str+4}
   (You found it on level 6 of the Dungeon)

   Str:       It affects your strength (+4).
   rElec:     It insulates you from electricity.
   Fragile:   It will be destroyed if unequipped.
 D - a +0 glaive
 O - a +0 glaive
Missiles
 h - 27 poisoned darts (quivered)
 N - a boomerang
Armour
 m - a +0 pair of boots
 u - a +3 scale mail
 J - +0 acid dragon scales (worn)
 L - a +0 cloak (worn)
 M - a +3 leather armour
Magical Staves
 v - a staff of earth
Jewellery
 e - a ring of protection from fire (right hand)
 i - an amulet of the acrobat (around neck)
 p - a +6 ring of strength (left hand)
 q - a ring of magical power
 G - a ring of wizardry
Wands
 B - a wand of acid (12)
 P - a wand of flame (42)
Scrolls
 b - 2 scrolls of vulnerability
 c - 2 scrolls of magic mapping {unknown}
 n - a scroll of silence {unknown}
 s - 2 scrolls of fear {unknown}
 t - 2 scrolls of teleportation
 w - 2 scrolls of torment
 x - a scroll of poison {unknown}
 y - a scroll of enchant armour
 C - a scroll of enchant weapon {unknown}
 E - a scroll of amnesia {unknown}
 I - a scroll of fog {unknown}
Potions
 f - a potion of might
 g - a potion of haste
 j - 3 potions of attraction
 k - a potion of invisibility
 l - a potion of resistance
 r - 3 potions of enlightenment
 z - a potion of degeneration {unknown}
 A - a potion of curing {unknown}
 F - 3 potions of heal wounds
 H - a potion of mutation
 K - a potion of berserk rage


   Skills:
 + Level 8.6 Fighting
 * Level 9.4 Polearms
 - Level 1.0 Throwing
 + Level 5.8 Armour
 - Level 2.0 Dodging
 - Level 1.0 Stealth
 - Level 4.0 Spellcasting
 - Level 1.0 Fire Magic
 - Level 1.0 Evocations


You had 16 spell levels left.
You knew the following spells:

 Your Spells              Type           Power      Damage    Failure   Level
a - Foxfire               Conj/Fire      8%         2x1d4     26%         1

Your spell library contained the following spells:

 Spells                   Type           Power      Damage    Failure   Level
 Beastly Appendage        Tmut           4%         N/A       26%         1
 Shock                    Conj/Air       4%         1d3       32%         1
 Lesser Beckoning         Tloc           4%         N/A       38%         2
 Wereblood                Tmut           2%         N/A       38%         2
 Frozen Ramparts          Ice            4%         1d1       63%         3
 Gell's Gravitas          Tloc           2%         N/A       63%         3
 Swiftness                Air            2%         N/A       63%         3
 Teleport Other           Tloc           2%         N/A       63%         3
 Ignite Poison            Fire/Tmut/Pois 1%         N/A       67%         3
 Spider Form              Tmut/Pois      1%         N/A       69%         3
 Airstrike                Air            1%         2d(1-17)  95%         4
 Olgreb's Toxic Radiance  Pois           2%         N/A       95%         4
 Ice Form                 Ice/Tmut       1%         N/A       97%         4
 Summon Ice Beast         Ice/Summ       1%         N/A       97%         4
 Discord                  Hex            1%         N/A       100%        8
 Ignition                 Fire           2%         3d3       100%        8


Dungeon Overview and Level Annotations

Branches:
Dungeon (8/15)             Temple (1/1) D:6
   Lair: D:8-11

Altars:
Cheibriados
Dithmenos
Fedhas
Gozag
Hepliaklqana
Kikubaaqudgha
Makhleb
Nemelex Xobeh
Qazlal
Ru
Uskayaw
Vehumet
Wu Jian
Xom
Yredelemnul

Shops:
D:5 :   D:7 ?

Annotations:
D:8 1 transporter


Innate Abilities, Weirdness & Mutations

You have a pair of horns on your head.
You are mostly covered in rugged brown scales. (AC +2, +5% HP)
Your demonic aura sometimes causes spilled blood to erupt in flames.
You regenerate a lot of health from kills.
You have large cloven feet.
You sometimes lose your temper in combat.
You are covered in fur. (AC +1)


Message History

Your damage rating with your +0 trident is about 15 (Base 9 x 130% (Str) x 135% (Skill)).
Your base attributes are Str 16, Int 12, Dex 15.
Unknown command.
Partly explored, unvisited transporter.
Partly explored, unvisited transporter.
There is a transporter here.
You enter the transporter and appear at another place.
P - a wand of flame (44) (gained 24 charges)
You open the door.
The electric eel shoots out a bolt of lightning at you!
The bolt of electricity hits you!
There is an open door here.
Aiming: Throw Flame
Press: ? - help, Shift-Dir - straight line, f - electric eel
Aim: an electric eel (48% to hit)
The puff of flame misses the electric eel.
The electric eel is engulfed in a cloud of scalding steam.
The electric eel shoots out a bolt of lightning at you!
The bolt of electricity hits you! x2; The bolt of electricity hits the plant!
The plant begins to die.
Aiming: Throw Flame
Press: ? - help, Shift-Dir - straight line, f - electric eel, p - electric eel
Aim: an electric eel (48% to hit)
The puff of flame hits the electric eel.
The electric eel is moderately wounded.
The electric eel is engulfed in a cloud of scalding steam.
The electric eel shoots out a bolt of lightning at you!
The bolt of electricity hits you! x2
The electric eel shoots out a bolt of lightning at you!
The bolt of electricity hits you!
* * * LOW HITPOINT WARNING * * *
The bolt of electricity hits you!
* * * LOW HITPOINT WARNING * * *
The bolt of electricity hits the plant!
The plant begins to die.
The electric eel is engulfed in a cloud of scalding steam.
The electric eel shoots out a bolt of lightning at you!
The bolt of electricity hits you.
* * * LOW HITPOINT WARNING * * *
The bolt of electricity hits you!
You die...

..#..# #.#..###+###..#
.....# #.#..#~...~#..#
..#.## #.#..#~...~#..#
....# #....#~...~#..##
...## ##.#.#~.⌠.~#...#
#.## ###....#~...~#.#.#
.)#####...#..#S...~#.#.##
))).....###..#S[..S#.#..#
####.)### #).###@###.##.#
.####.## #..#P...P#.##.#
.##....####..#8.©.8#.##.#
....##....#..#######.##.#
#...#####.#.....©....##.#
.......##.#..##...#####.#
##..##..................#
#..#####..######.#######
##.# ##.## #....#


You could see 3 electric eels.

Vanquished Creatures
  Pikel (D:7)
  Maurice (D:8)
  Maggie (D:7)
  A hornet (D:7)
  A vampire (D:8)
  A wyvern (D:8)
  Menkaure (D:7)
  Edmund (D:4)
  An orc warrior (D:6)
  A sky beast (D:7)
  3 ice beasts
  2 black bears
  2 ogres
  3 centaurs
  A phantom (D:7)
  4 kobold brigands
  A bullfrog (D:6)
  2 scorpions
  4 killer bees (D:7)
  3 howler monkeys (D:7)
  5 orc priests
  2 hounds (D:5)
  A jelly (D:4)
  4 iguanas
  9 orc wizards
  6 gnolls
  12 adders
  3 worms
  3 dart slugs
  18 orcs
  9 ball pythons
  8 endoplasms
  A giant cockroach (D:1)
  6 goblins
  10 hobgoblins
  4 jackals (D:3)
  6 quokkas
  6 bats
  4 frilled lizards (D:2)
  26 kobolds
  5 rats
183 creatures vanquished.

Notes
Turn   | Place    | Note
-------+----------+-------------------------------------------
     0 | D:1      | IdlyInterested the Demonspawn Wanderer began the quest for
                  | the Orb.
     0 | D:1      | IdlyInterested set off with the following items: a +3
                  | spear, a scroll of vulnerability, a +0 leather armour; and
                  | the following spell memorised: Foxfire; and the following
                  | spells available to memorise: Ignite Poison.
     0 | D:1      | Reached XP level 1. HP: 18/18 MP: 5/5
   126 | D:1      | Reached skill level 1 in Armour
   126 | D:1      | Gained mutation: You regenerate a little health from kills.
                  | [demonic ancestry]
   126 | D:1      | Reached XP level 2. HP: 24/24 MP: 7/7
   982 | D:2      | Gained mutation: You have a pair of small horns on your
                  | head. [demonic ancestry]
   982 | D:2      | Reached XP level 3. HP: 23/30 MP: 8/8
  1123 | D:2      | Reached skill level 1 in Dodging
  1858 | D:3      | Gained mutation: Your demonic aura sometimes causes spilled
                  | blood to erupt in flames. [demonic ancestry]
  1858 | D:3      | Reached XP level 4. HP: 37/37 MP: 10/10
  1861 | D:3      | Reached skill level 1 in Stealth
  2168 | D:3      | Reached skill level 2 in Polearms
  2554 | D:3      | Found an ancient bone altar of Kikubaaqudgha.
  2665 | D:4      | Reached skill level 1 in Throwing
  2665 | D:4      | Gained mutation: You regenerate health from kills. [demonic
                  | ancestry]
  2665 | D:4      | Reached XP level 5. HP: 35/43 MP: 11/11
  2881 | D:4      | Reached skill level 5 in Fighting
  3000 | D:4      | Reached skill level 1 in Evocations
  3100 | D:4      | Reached skill level 3 in Polearms
  3254 | D:4      | Noticed Edmund
  3262 | D:4      | Killed Edmund
  3263 | D:4      | Reached XP level 6. HP: 49/51 MP: 12/12
  3587 | D:5      | Entered Level 5 of the Dungeon
  3808 | D:5      | Reached skill level 4 in Polearms
  3808 | D:5      | Gained mutation: You are partially covered in rugged brown
                  | scales. (AC +1, +3% HP) [demonic ancestry]
  3808 | D:5      | Reached XP level 7. HP: 25/57 MP: 13/13
  4060 | D:5      | Found Woedue's Book Shop.
  4560 | D:6      | Reached skill level 5 in Polearms
  4599 | D:6      | Identified the +2 flail of Bif Syf {drain, Fragile rElec
                  | Str+4}
  4778 | D:6      | Gained mutation: You regenerate a lot of health from kills.
                  | [demonic ancestry]
  4778 | D:6      | Reached XP level 8. HP: 59/65 MP: 14/14
  4881 | D:6      | Found a burning altar of Makhleb.
  5132 | D:6      | Reached skill level 6 in Polearms
  5506 | D:6      | Found a staircase to the Ecumenical Temple.
  5512 | Temple   | Entered the Ecumenical Temple
  6056 | D:7      | Noticed Pikel
  6065 | D:7      | Killed Pikel
  6066 | D:7      | Reached skill level 7 in Polearms
  6124 | D:7      | Gained mutation: You are mostly covered in rugged brown
                  | scales. (AC +2, +5% HP) [demonic ancestry]
  6124 | D:7      | Reached XP level 9. HP: 64/75 MP: 15/15
  6352 | D:7      | Noticed Menkaure
  6358 | D:7      | Killed Menkaure
  6397 | D:7      | Noticed Maggie
  6427 | D:7      | Killed Maggie
  6428 | D:7      | Reached skill level 8 in Polearms
  6630 | D:7      | Reached skill level 5 in Armour
  6991 | D:7      | Found Siasatif's Magic Scroll Shoppe.
  6994 | D:7      | Bought a scroll of enchant armour for 120 gold pieces
  7164 | D:7      | Paralysed by a hornet for 1 turns
  7171 | D:7      | Reached skill level 9 in Polearms
  7247 | D:8      | Gained mutation: You are covered in fur. (AC +1) [potion of
                  | mutation]
  7247 | D:8      | Gained mutation: You sometimes lose your temper in combat.
                  | [potion of mutation]
  7247 | D:8      | Gained mutation: You have large cloven feet. [potion of
                  | mutation]
  7252 | D:8      | Noticed Maurice
  7271 | D:8      | Killed Maurice
  7272 | D:8      | Gained mutation: You have a pair of horns on your head.
                  | [demonic ancestry]
  7272 | D:8      | Reached XP level 10. HP: 56/86 MP: 16/16
  7344 | D:8      | Found a transporter.
  7364 | D:8      | Found a transporter.
  7881 | D:8      | Killed from afar by an electric eel

Illustrated notes

Levels and vault maps discovered:
D:1:      lightli_molten_gateway, layout_basic, st_stairs_2
D:2:      layout_loops_ring, minmay_fountain_box
D:3:      layout_loops_ring, marbit_many_paths, chequers_serial_rivers_small_a,
          chequers_arboretum
D:4:      layout_gridville, corexii_hall_statues_i, uniq_edmund
D:5:      layout_gridville, serial_shops, shop
D:6:      layout_cave_pods, mainiacjoe_overflow_cross_hatched,
          minmay_temple_entry_enclosed_plants, minivault_10, patterned_corridor
D:7:      layout_basic, serial_shops, nicolae_shop_rolled_up,
          minmay_misc_feat_pillars, uniq_pikel, uniq_maggie, uniq_menkaure
D:8:      gammafunk_steamed_eel, layout_rooms, chequers_serial_rivers_micro_b,
          uniq_maurice
Temple:   nicolae_temple_bog_church

Skill      XL: |  1  2  3  4  5  6  7  8  9 |
---------------+----------------------------+-----
Armour         | 1 2 3 4 5 |  5.8
Dodging        | 1 2 |  2.0
Fighting       | 4 5 6 7 8 |  8.6
Stealth        | 1 |  1.0
Polearms       | 2 3 4 5 7 9 |  9.4
Throwing       | 1 |  1.0
Evocations     | 1 |  1.0
Spellcasting   | |  4.0
Fire Magic     | |  1.0

Action                     |  1- 3 |  4- 6 |  7- 9 | 10-12 || total
---------------------------+-------+-------+-------+-------++-------
  Melee: Spear             |   112 |   131 |   286 |       ||   529
         Headbutt          |     9 |    15 |    71 |    10 ||   105
         Punch             |     1 |     1 |     4 |     2 ||     8
         Trident           |       |       |   103 |    58 ||   161
         Kick              |       |       |       |    10 ||    10
  Throw: Stone             |       |    39 |       |       ||    39
         Dart              |       |       |     9 |       ||     9
  Evoke: Wand              |       |       |       |     2 ||     2
    Use: Potion            |     1 |     1 |     3 |     1 ||     6
         Scroll            |       |     3 |     5 |       ||     8
   Stab: Sleeping          |       |     1 |       |       ||     1
         Distracted        |       |       |     1 |       ||     1
 Armour: Ring mail         |    41 |     7 |       |       ||    48
         Leather armour    |     2 |       |       |       ||     2
         Scale mail        |       |    34 |   109 |       ||   143
         Acid dragon scale |       |       |    38 |    40 ||    78
  Dodge: Dodged            |    57 |    39 |   217 |    38 ||   351

Table legend: (Time is in decaauts)
 A = Elapsed time spent in this place.
 B = Non-inter-level travel time spent in this place.
 C = Inter-level travel time spent in this place.
 D = Time resting spent in this place.
 E = Time spent auto-exploring this place.
 F = Levels seen in this place.
 G = Mean time per level.
                   A        B        C        D        E       F      G
               +--------+--------+--------+--------+--------+-----+--------+
         Total |   7845 |   7083 |    762 |    872 |   4208 |   9 |  871.7 |
       Dungeon |   7669 |   6932 |    737 |    872 |   4069 |   8 |  958.6 |
        Temple |    175 |    150 |     25 |      0 |    139 |   1 |  175.0 |
               +--------+--------+--------+--------+--------+-----+--------+

Top non-repeatable levels by time:
     D:7: 1266 daAuts
     D:6: 1194 daAuts
     D:2: 965 daAuts
     D:4: 927 daAuts
     D:1: 917 daAuts
     D:3: 879 daAuts
     D:5: 829 daAuts
     D:8: 689 daAuts
  Temple: 175 daAuts
